 Dungeon Crawl Stone Soup version 0.16.2-3-ga078185 (webtiles) character file.

72 gorblad the Skirmisher (level 4, 0/37 HPs)
             Began as a Mummy Fighter on Sept 8, 2015.
             Slain by a goblin
             ... wielding a +0 dagger
             ... led by Robin
              (2 damage)
             ... on level 2 of the Dungeon.
             The game lasted 00:03:05 (1426 turns).

gorblad the Skirmisher (Mummy Fighter)              Turns: 1426, Time: 00:03:06

Health: 0/37       AC:  6    Str: 19    XL:     4   Next: 7%
Magic:  4/4        EV:  7    Int:  7    God:
Gold:   94         SH:  9    Dex: 12    Spells: 0 memorised, 3 levels left

rFire  . . .     SeeInvis .     a - +1 long sword
rCold  + . .     Clarity  .     b - +0 scale mail
rNeg   + + +     SustAb   .     c - +0 shield
rPois  ∞         Gourm    .     (no helmet)
rElec  .         Spirit   .     (no cloak)
rCorr  .         Warding  .     (no gloves)
rMut   .         Stasis   .     (no boots)
MR     .....                    d - amulet of faith
Stlth  ..........               (no ring)
                                g - ring of protection from fire

@: not resistant to hostile enchantments, extremely unstealthy
A: no food or potions, fire vulnerability, restore body, cold resistance 1,
negative energy resistance 3, poison resistance, torment resistance, unbreathing
a: no special abilities


You were on level 2 of the Dungeon.
You were not hungry.

You visited 1 branch of the dungeon, and saw 2 of its levels.

You collected 94 gold pieces.

Inventory:

Hand weapons
 a - a +1 long sword (weapon)
Armour
 b - a +0 scale mail (worn)
 c - a +0 shield (worn)
Jewellery
 d - an amulet of faith (around neck)
 g - a ring of protection from fire (left hand)


   Skills:
 + Level 3.7 Fighting
 + Level 1.9 Long Blades
 + Level 2.9 Armour
 + Level 0.4 Dodging
 + Level 2.9 Shields


You had 3 spell levels left.
You didn't know any spells.

Dungeon Overview and Level Annotations

Branches:
Dungeon (2/15)

Altars:

Annotations:
D:2 Robin


Innate Abilities, Weirdness & Mutations

You do not eat or drink.
Your flesh is vulnerable to fire.
Your flesh is cold resistant.
You are immune to negative energy.
Your system is resistant to poisons.
You are immune to unholy pain and torment.
You can survive without breathing.


Message History

You feel blessed for a moment.
It was a scroll of remove curse.
The goblin hits you with a club.
* * * LOW HITPOINT WARNING * * *
The goblin barely misses you. The goblin hits you but does no damage.
The goblin barely misses you.
You barely miss the goblin. The goblin hits you but does no damage.
The goblin hits you but does no damage.
Robin roars a battlecry!
The goblins go into a battle-frenzy!
You block the goblin's attack. The goblin hits you but does no damage.
You barely miss the goblin. The goblin hits you but does no damage.
The goblin hits you with a club.
* * * LOW HITPOINT WARNING * * *
The goblin barely misses you. You block the goblin's attack.
The goblin hits you but does no damage.
You closely miss the goblin. You block the goblin's attack.
The goblin hits you but does no damage. x4
The goblin barely misses you. You block the goblin's attack.
You closely miss the goblin. The goblin hits you with a dagger.
You die...

#.....# *******#.#***
##...## *,...,,#
*##.## *,#.#,.# #.#
#,#.#,.# #.# #.#.#..#
##'## ###.#.#.g##
##...## #.=..g.,..#
#..†..## #.#.#g#...#
.......## #...#@#...#
........####%..ggg...#
........+........###.#
........####...#†# *,*
.......## #..##.###.#
#.....## #.........#
##.(.## #####.#####
##(## #.# #.# #.#


You could see Robin and 4 goblins.

Vanquished Creatures
  2 adders (D:2)
  2 worms (D:2)
  A giant gecko (D:1)
  5 bats
  3 giant cockroaches
  3 hobgoblins (D:1)
  4 jackals (D:1)
  4 giant newts
  9 goblins
  3 kobolds (D:2)
  6 rats
42 creatures vanquished.

Notes
Turn   | Place    | Note
--------------------------------------------------------------
     0 | D:1      | gorblad, the Mummy Fighter, began the quest for the Orb.
     0 | D:1      | Reached XP level 1. HP: 18/18 MP: 1/1
   173 | D:1      | Reached XP level 2. HP: 22/24 MP: 2/2
   889 | D:2      | Reached XP level 3. HP: 29/29 MP: 3/3
  1400 | D:2      | Noticed Robin
  1411 | D:2      | Reached XP level 4. HP: 19/37 MP: 4/4
  1426 | D:2      | Slain by a goblin

Action                   |  1- 3 |  4- 6 || total
-------------------------+-------+-------++-------
Melee: Long sword        |   125 |    14 ||   139
  Use: Scroll            |     5 |     1 ||     6
